 Dungeon Crawl Stone Soup version 0.27.1-34-g3ba077fa99 (webtiles) character file.

Game seed: 13823616843864195424

225 ticklebelly the Chopper (level 5, -1/48 HPs)
             Began as a Minotaur Berserker on Jan 7, 2022.
             Was a Believer of Trog.
             Killed by divine providence
             ... invoked by an orc priest
              (13 damage)
             ... on level 4 of the Dungeon.
             The game lasted 00:05:31 (2356 turns).

ticklebelly the Chopper (Minotaur Berserker)        Turns: 2356, Time: 00:05:31

Health: -1/48      AC:  6    Str: 23    XL:     5   Next: 68%
Magic:  4/4        EV: 11    Int:  4    God:    Trog [**....]
Gold:   60         SH:  0    Dex:  9    Spells: 4/4 levels left

rFire    . . .     SeeInvis .   a - +0 hand axe
rCold    . . .     Faith    .   (no shield)
rNeg     . . .     Spirit   .   c - +0 ring mail
rPois    .         Reflect  .   (helmet restricted)
rElec    .         Harm     .   (no cloak)
rCorr    .         Rampage  .   (no gloves)
Will     ++...                  (no boots)
Stlth    ..........             (no amulet)
HPRegen  1.16/turn              h - ring of flight
MPRegen  0.09/turn              (no ring)

@: strong-willed, on berserk cooldown, flying, regenerating, slowed, very slow
A: horns 2, retaliatory headbutt
a: Renounce Religion, Berserk, Trog's Hand


You were on level 4 of the Dungeon.
You worshipped Trog.
Trog was pleased with you.
You visited 1 branch of the dungeon, and saw 4 of its levels.

You collected 102 gold pieces.
You spent 42 gold pieces at shops.

Inventory:

Hand Weapons
 a - a +0 hand axe (weapon)
Missiles
 g - 10 boomerangs (quivered)
Armour
 c - a +0 ring mail (worn)
Jewellery
 h - a ring of flight (left hand)
Scrolls
 e - a scroll of enchant weapon {unknown}
 f - 2 scrolls of identify {unknown}
 i - a scroll of magic mapping
 m - a scroll of fog {unknown}
Potions
 b - a potion of lignification {unknown}
 d - 2 potions of haste {unknown}
 j - a potion of flight {unknown}
 k - 2 potions of curing {unknown}
 l - a potion of mutation {unknown}
 n - a potion of attraction {unknown}


   Skills:
 + Level 5.3 Fighting
 + Level 5.3 Axes
 + Level 4.6 Armour
 - Level 2.1 Dodging


You had 4 spell levels left.
You didn't know any spells.
Your spell library was empty.

Dungeon Overview and Level Annotations

Branches:
Dungeon (4/15)
 Temple: D:4-7

Altars:

Shops:
D:2 ?


Innate Abilities, Weirdness & Mutations

You have a pair of horns on your head.
You reflexively headbutt those who attack you in melee.


Message History

You barely miss the orc. Your headbutt misses the orc.
The orc is moderately wounded.
The orc hits you with a +0 war axe.
You hit the orc.
You kill the orc!
Trog accepts your kill.
The orc priest mumbles some strange prayers to Beogh against you.
Beogh smites you!
You barely miss the orc. The orc hits you but does no damage.
The orc priest calls down the wrath of Beogh upon you.
Beogh smites you!
Your skin crawls.
You feel strong-willed. The orc hits you with a +0 flail!
You are too injured to fight recklessly!
You barely miss the orc. You headbutt the orc!
You kill the orc!
Trog accepts your kill.
A red film seems to cover your vision as you go berserk!
You feel yourself moving faster!
You feel mighty!
The orc priest mumbles some strange prayers to Beogh against you.
Beogh smites you! The orc closely misses you. You furiously retaliate!
You headbutt the orc!
You kill the orc!
Trog accepts your kill.
You are too injured to fight recklessly!
You are too injured to fight recklessly!
You feel a strong urge to attack something.
Found an escape hatch in the ceiling.
You feel your anger nearly subside.
You are no longer berserk.
You are exhausted.
You feel yourself slow down.
The orc priest mumbles some strange prayers to Beogh against you.
Beogh smites you!
* * * LOW HITPOINT WARNING * * *
The orc priest begins to cast a cantrip, but forgets the words!
The orc priest invokes the aid of Beogh against you.
Beogh smites you!
You die...

#..>$ ...##..^.......#
##.... ##.. #........#.#
#.....##..# #.......##.##
.#......##.# #.......#...#
........Oo.###......[....#
.o.....O##o...........⌠..#
.......###...............#
....... #...o.o.........#
..#.... #....##@........#
# #.... #......#.........#
........................#
.....#.........#....#.<##
....#..#.####.######
....###### #.# .<. ###


You could see 2 orc priests and 2 orcs.

Vanquished Creatures
  A sky beast (D:4)
  A bullfrog skeleton (D:3)
  An iguana (D:4)
  2 adders (D:2)
  3 worms
  2 dart slugs
  4 orcs (D:4)
  An endoplasm (D:1)
  4 goblins
  3 hobgoblins (D:1)
  9 kobolds
  2 quokkas (D:1)
  4 ball pythons
  7 bats
  2 frilled lizards
  6 rats
52 creatures vanquished.

Notes
Turn   | Place    | Note
-------+----------+-------------------------------------------
     0 | D:1      | ticklebelly the Minotaur Berserker began the quest for the
                  | Orb.
     0 | D:1      | Reached XP level 1. HP: 19/19 MP: 0/0
   235 | D:1      | Reached XP level 2. HP: 25/27 MP: 1/1
   607 | D:1      | You fall into a shaft and drop 1 floor!
   615 | D:2      | Reached ** piety under Trog
   616 | D:2      | Reached XP level 3. HP: 29/33 MP: 2/2
  1147 | D:2      | Found Teor's Magic Scroll Boutique.
  1158 | D:2      | Bought a scroll of magic mapping for 42 gold pieces
  1727 | D:3      | Reached XP level 4. HP: 41/41 MP: 3/3
  2245 | D:4      | Noticed a sky beast
  2258 | D:4      | Killed a sky beast
  2259 | D:4      | Reached skill level 5 in Fighting
  2259 | D:4      | Reached skill level 5 in Axes
  2259 | D:4      | Reached XP level 5. HP: 38/48 MP: 4/4
  2334 | D:4      | Noticed an ogre
  2356 | D:4      | Killed from afar by an orc priest

Illustrated notes

Levels and vault maps discovered:
D:1:      minmay_arrival_glassed_features, layout_loops_ring,
          minmay_misc_feat_doors
D:2:      layout_rooms, serial_shops, shop
D:3:      layout_loops_ring, serial_rivers, chequers_serial_rivers_small_a,
          chequers_serial_rivers_small_b, chequers_serial_rivers_micro_c,
          chequers_serial_rivers_small_3
D:4:      layout_cave_pools, mainiacjoe_overflow_six_doors_small, hex_large,
          chequers_avenue, hangedman_feature_mirror

Skill      XL: |  1  2  3  4 |
---------------+-------------+-----
Axes           | 4 5 |  5.3
Fighting       | 4 5 |  5.3
Armour         | 3 4 |  4.6
Dodging        | |  2.1

Action                   |  1- 3 |  4- 6 || total
-------------------------+-------+-------++-------
Melee: Hand axe          |    81 |    32 ||   113
       Headbutt          |    15 |     6 ||    21
Throw: Boomerang         |     1 |       ||     1
Invok: Berserk           |       |     1 ||     1
       Trog's Hand       |       |     1 ||     1
Armor: Ring mail         |    25 |    13 ||    38
Dodge: Dodged            |    37 |    21 ||    58
